 Dungeon Crawl Stone Soup version 0.30-a0-272-gf98c3da03f (webtiles) character file.

Game seed: 686545344442235854

178 lunkers the Cutter (level 6, 0/51 HPs)
             Began as a Meteoran Wanderer on Oct 16, 2022.
             Was a Follower of Fedhas.
             Slain by an ufetubus (3 damage)
             ... on level 4 of the Dungeon.
             The game lasted 00:03:21 (1160 turns).

lunkers the Cutter (Meteoran Wanderer)              Turns: 1160, Time: 00:03:21

Health: 0/51       AC:  3    Str: 14    XL:     6   Next: 13%
Magic:  9/9        EV: 10    Int: 11    God:    Fedhas [*.....]
Gold:   121        SH:  8    Dex: 18    Spells: 7/7 levels left

rFire   . . .      SeeInvis .    b - +2 dagger (elec)
rCold   . . .      Faith    .    f - +2 buckler
rNeg    . . .      Spirit   .    e - +0 leather armour
rPois   +          Reflect  .    (no helmet)
rElec   .          Harm     .    (no cloak)
rCorr   .          Rampage  .    (no gloves)
Will    .....                    (no boots)
Stlth   +.........               (no amulet)
HPRegen 0.28/turn                q - ring of poison resistance
MPRegen 0.11/turn                (no ring)

@: glowing
A: sense surroundings 1, otherworldly, glowing, explore regen
a: Renounce Religion


You were on level 4 of the Dungeon.
You worshipped Fedhas.
Fedhas was aware of your devotion.
You visited 1 branch of the dungeon, and saw 4 of its levels.

You collected 121 gold pieces.

Inventory:

Hand Weapons
 a - a +2 dagger of venom
 b - a +2 dagger of electrocution (weapon)
 s - a +0 dagger
 x - a +3 hand axe
Armour
 e - a +0 leather armour (worn)
 f - a +2 buckler (worn)
Jewellery
 q - a ring of poison resistance (left hand)
 w - an amulet of magic regeneration
Wands
 r - a wand of polymorph (7)
Scrolls
 i - a scroll of poison {unknown}
 j - a scroll of fog
 k - a scroll of magic mapping {unknown}
 n - a scroll of summoning {unknown}
 p - 2 scrolls of identify {unknown}
 u - a scroll of vulnerability {unknown}
 y - a scroll of noise {unknown}
 z - a scroll of enchant armour {unknown}
Potions
 d - a potion of haste
 g - 3 potions of brilliance {unknown}
 h - a potion of curing {unknown}
 l - a potion of magic {unknown}
 m - 2 potions of berserk rage {unknown}
 o - a potion of heal wounds {unknown}
 t - a potion of attraction {unknown}
 v - a potion of invisibility {unknown}
Miscellaneous
 c - a piece from Xom's chessboard (15/15)


   Skills:
 - Level 3.2 Fighting
 + Level 5.6 Short Blades
 - Level 1.2 Armour
 - Level 4.8 Shields
 - Level 1.3 Spellcasting
 - Level 1.2 Evocations


You had 7 spell levels left.
You didn't know any spells.
Your spell library contained the following spells:

 Spells                   Type           Power      Damage    Failure   Level
 Sublimation of Blood     Necr           0%         N/A       58%         2
 Wereblood                Tmut           0%         N/A       58%         2
 Ozocubu's Armour         Ice            0%         N/A       83%         3
 Metabolic Englaciation   Hex/Ice        0%         N/A       100%        5
 Simulacrum               Ice/Necr       0%         N/A       100%        6
 Summon Hydra             Summ           0%         N/A       100%        7


Dungeon Overview and Level Annotations

Branches:
Dungeon (4/15) Zot: 1268
 Temple: D:4-7

Altars:
Fedhas
Uskayaw
Zin


Innate Abilities, Weirdness & Mutations

You passively map a small area around you.
You are easily found by Zot.
You glow in the dark.
You regain HP and MP as you explore.


Message History

The water moccasin bites you but does no damage.
You block the ufetubus's attack. The ufetubus barely misses you.
You closely miss the water moccasin.
The water moccasin is severely wounded.
The water moccasin bites you!
* * * LOW HITPOINT WARNING * * *
You block the ufetubus's attack. The ufetubus closely misses you.
The water moccasin bites you but does no damage.
You closely miss the water moccasin.
The water moccasin is severely wounded.
The ufetubus hits you.
* * * LOW HITPOINT WARNING * * *
The ufetubus barely misses you. The water moccasin barely misses you.
You closely miss the water moccasin.
The water moccasin is severely wounded.
The ufetubus hits you.
* * * LOW HITPOINT WARNING * * *
The ufetubus barely misses you.
The water moccasin bites you but does no damage.
You hit the water moccasin but do no damage.
The water moccasin is severely wounded.
The ufetubus hits you.
* * * LOW HITPOINT WARNING * * *
The ufetubus completely misses you.
The water moccasin bites you but does no damage.
The ufetubus hits you but does no damage. x2
You barely miss the water moccasin.
The water moccasin is severely wounded.
The water moccasin bites you.
* * * LOW HITPOINT WARNING * * *
The ufetubus hits you but does no damage.
The ufetubus hits you.
* * * LOW HITPOINT WARNING * * *
Okay, then.
You closely miss the water moccasin.
The water moccasin is severely wounded.
You block the water moccasin's attack. The ufetubus closely misses you.
The ufetubus hits you.
You die...
Fedhas appreciates your contribution to the ecosystem.

#...[..#.##..######...
#.##8..8####..........
#..##....##.#†........
* ..####..###.......#.#
, **
##*#_.....#..........
###..###.<..#..#.#* , ,
* *#....##..P...## # ,
###..###.♣P..###.#### *
,,#......#..P..@5......
, , ,
,###..###...#S###...#.
#8.....#...#... ...
####_.##........ . **
#########.....^ , * , *
* #..... , ,** .......
* , .# , , * ,


You could see a water moccasin and an ufetubus.

Vanquished Creatures
  2 orc wizards (D:3)
  4 adders
  3 gnolls (D:3)
  An ufetubus (D:4)
  2 worms
  A dart slug (D:1)
  4 orcs (D:3)
  4 ball pythons
  3 endoplasms
  2 goblins (D:1)
  6 hobgoblins
  2 jackals (D:2)
  A quokka (D:3)
  5 bats
  2 frilled lizards
  4 kobolds
  7 rats
53 creatures vanquished.

Notes
Turn   | Place    | Note
-------+----------+-------------------------------------------
     0 | D:1      | lunkers the Meteoran Wanderer began the quest for the Orb.
     0 | D:1      | lunkers set off with the following items: a +0 dagger, a
                  | scroll of fog, a piece from Xom's chessboard (15/15), a
                  | potion of haste, a +0 leather armour, a +2 buckler.
     0 | D:1      | Reached XP level 1. HP: 19/19 MP: 3/3
   122 | D:1      | Reached skill level 1 in Short Blades
   122 | D:1      | Reached XP level 2. HP: 8/26 MP: 5/5
   203 | D:2      | Reached skill level 2 in Short Blades
   270 | D:2      | Reached XP level 3. HP: 30/31 MP: 6/6
   469 | D:2      | Reached skill level 3 in Short Blades
   667 | D:3      | Identified the +1 chain mail of Absolutism {rElec rCorr
                  | Str-2}
   699 | D:3      | Reached XP level 4. HP: 38/38 MP: 7/7
   735 | D:3      | Reached skill level 4 in Short Blades
   741 | D:3      | Reached XP level 5. HP: 25/45 MP: 8/8
   778 | D:3      | Found a faded altar of an unknown god.
   786 | D:3      | Prayed at the altar of an unknown god.
   786 | D:3      | Became a worshipper of Fedhas Madash
   786 | D:3      | Reached * piety under Fedhas
   957 | D:3      | Reached skill level 5 in Short Blades
  1071 | D:4      | Reached XP level 6. HP: 32/51 MP: 9/9
  1094 | D:4      | Found a hide-covered altar of Uskayaw.
  1096 | D:4      | Found a glowing silver altar of Zin.
  1135 | D:4      | Noticed a water moccasin
  1160 | D:4      | Slain by an ufetubus

Illustrated notes

Levels and vault maps discovered:
D:1:      dpeg_arrival_subterranean_lakeside_camping, layout_basic,
          minivault_24, nicolae_grassy_gnolls
D:2:      layout_loops_ring, grunt_decor_clamped
D:3:      layout_basic, basic_ecumenical_altar, uniq_natasha
D:4:      layout_rooms, nicolae_ru_the_path_less_chosen, minitemple,
          serial_forest, infiniplex_forest_clump_small, infiniplex_forest_end_1,
          infiniplex_forest_clump_tiny, infiniplex_forest_lined_3,
          infiniplex_forest_zigzag_2, serial_bayou_lagoon_a,
          minmay_misc_feat_columns

Skill      XL: |  1  2  3  4  5 |
---------------+----------------+-----
Short Blades   | 1 2 3 4 5 |  5.6
Fighting       | |  3.2
Armour         | |  1.2
Shields        | |  4.8
Spellcasting   | |  1.3
Evocations     | |  1.2

Action                   |  1- 3 |  4- 6 || total
-------------------------+-------+-------++-------
Melee: Dagger            |    85 |   110 ||   195
Evoke: Piece from Xom's  |     1 |       ||     1
 Stab: Petrified         |     2 |       ||     2
Armor: Leather armour    |    10 |    33 ||    43
Dodge: Dodged            |    17 |    40 ||    57
Block: Buckler           |    30 |    45 ||    75

Table legend: (Time is in decaauts)
 A = Elapsed time spent in this place.
 B = Non-inter-level travel time spent in this place.
 C = Inter-level travel time spent in this place.
 D = Time resting spent in this place.
 E = Time spent auto-exploring this place.
 F = Levels seen in this place.
 G = Mean time per level.
                   A        B        C        D        E       F      G
               +--------+--------+--------+--------+--------+-----+--------+
         Total |   1130 |   1118 |     12 |      0 |    735 |   4 |  282.5 |
       Dungeon |   1130 |   1118 |     12 |      0 |    735 |   4 |  282.5 |
               +--------+--------+--------+--------+--------+-----+--------+

Top non-repeatable levels by time:
     D:2: 429 daAuts
     D:3: 429 daAuts
     D:1: 175 daAuts
     D:4: 97 daAuts
